 Dungeon Crawl Stone Soup version 0.22.1-1-ga44c0e56f4 (webtiles) character file.

12345 Reeggar the Carver (level 11, -1/100 HPs)
             Began as a Deep Dwarf Berserker on Nov 7, 2018.
             Was an Elder of Trog.
             Slain by a 20-headed hydra (2 damage)
             ... on level 12 of the Dungeon.
             The game lasted 00:56:39 (11274 turns).

Reeggar the Carver (Deep Dwarf Berserker)          Turns: 11274, Time: 00:56:39

Health: -1/100     AC: 21    Str: 23    XL:     11   Next: 61%
Magic:  3/3        EV: 12    Int:  9    God:    Trog [****..]
Gold:   835        SH:  7    Dex: 12    Spells: 10/10 levels left

rFire    . . .     SeeInvis +   A - +1 long sword (slice)
rCold    . . .     Gourm    .   n - +2 buckler
rNeg     . . .     Faith    .   o - +1 plate armour
rPois    .         Spirit   .   S - +1 helmet
rElec    .         Reflect  .   y - +0 cloak
rCorr    .         Harm     .   (no gloves)
MR       +....                  P - +0 pair of boots
Stlth    ..........             (no amulet)
HPRegen  0.00/turn              j - +2 ring of evasion
MPRegen  0.08/turn              h - ring of see invisible

@: berserk cooldown, non-regenerating, slowed, drained, very slow
A: damage resistance, heal wounds, sense surroundings 2, no regeneration
a: Heal Wounds, Berserk, Trog's Hand, Brothers in Arms, Renounce Religion


You were on level 12 of the Dungeon.
You worshipped Trog.
Trog was greatly pleased with you.
You were hungry.

You visited 1 branch of the dungeon, and saw 12 of its levels.
You also visited: Ossuary.

You collected 859 gold pieces.
You spent 24 gold pieces at shops.

Inventory:

Hand Weapons
 b - a +0 scimitar of venom
 A - a +1 long sword of slicing (weapon)
Missiles
 N - 4 throwing nets (quivered)
Armour
 f - a +0 pair of gloves
 k - a +3 ring mail of fire resistance
 n - a +2 buckler (worn)
 o - a +1 plate armour (worn)
 v - +0 acid dragon scales
 y - a +0 cloak (worn)
 H - +0 steam dragon scales
 P - a +0 pair of boots (worn)
 S - a +1 helmet (worn)
Magical Staves
 w - a cursed staff of air {unknown}
Jewellery
 a - a +5 ring of evasion
 h - a ring of see invisible (right hand)
 j - a +2 ring of evasion (left hand)
 x - an uncursed ring of flight
Wands
 G - a wand of paralysis (18)
 J - a wand of disintegration (22)
 K - a wand of flame (38)
 L - a wand of enslavement (15)
 O - a wand of random effects (37)
Scrolls
 d - 5 scrolls of remove curse
 e - 8 scrolls of teleportation
 s - 4 scrolls of amnesia
 z - a scroll of magic mapping
Potions
 g - 5 potions of lignification
 i - 5 potions of flight {unknown}
 l - a potion of haste {unknown}
 m - 2 potions of degeneration {unknown}
 p - 4 potions of brilliance {unknown}
 q - 2 potions of magic
 r - 2 potions of berserk rage {unknown}
 t - 2 potions of agility {unknown}
 u - 3 potions of might {unknown}
 B - 2 potions of heal wounds {unknown}
 C - 3 potions of cancellation {unknown}
 D - a potion of invisibility {unknown}
 E - 2 potions of ambrosia {unknown}
 M - a potion of resistance
Miscellaneous
 F - a fan of gales
Comestibles
 c - 19 rations
 I - a chunk of flesh


   Skills:
 + Level 7.1(6.8) Fighting
 + Level 11.1(10.7) Long Blades
 * Level 10.9(10.5) Armour
 + Level 6.5(6.2) Dodging
 + Level 2.2(1.9) Stealth
 + Level 7.9(7.5) Shields


You had 10 spell levels left.
You didn't know any spells.
Your spell library was empty.

Dungeon Overview and Level Annotations

Branches:
Dungeon (12/15)            Temple (0/1) D:6            Lair (0/6) D:10
    Orc (0/2) D:10

Altars:
Ashenzari
Elyvilon
Fedhas
Makhleb
Nemelex Xobeh
Vehumet

Shops:
D:6 *   D:8 }


Innate Abilities, Weirdness & Mutations

You are resistant to damage.
You can heal yourself by infusing magical energy.
You passively map the area around you.
You do not regenerate.


Message History

The 20-headed hydra bites you!
* * * LOW HITPOINT WARNING * * *
You block the 20-headed hydra's attack.
The 20-headed hydra bites you but does no damage.
The 20-headed hydra bites you.
* * * LOW HITPOINT WARNING * * *
The 20-headed hydra bites you but does no damage.
The 20-headed hydra closely misses you.
The 20-headed hydra bites you but does no damage. x2
You block the 20-headed hydra's attack.
The 20-headed hydra bites you but does no damage. x2
You fail to use your ability.
The 20-headed hydra bites you but does no damage.
The 20-headed hydra bites you.
* * * LOW HITPOINT WARNING * * *
You block the 20-headed hydra's attack. The 20-headed hydra barely misses you.
The 20-headed hydra bites you but does no damage.
The 20-headed hydra misses you. You block the 20-headed hydra's attack.
The 20-headed hydra bites you.
You die...

##.## ##.#.## ###.###)#####
...## ##....# ###.###.....#
* ..#......# ..........#
..#.......##########
...#........##..@D...# .#
##.......##.#####.#
#..............##)...# * ,,
,,
,####.#<########..#...(.....
*** #.#.* * #.....#######,*
#.,. #. ...#.#.# , , #. *
### #.#.# * #.* #.#.# * #.*
#.#.# * * *


You could see a 20-headed hydra.

Vanquished Creatures
  Nergalle (D:12)
  An unseen horror (D:10)
  Joseph (D:8)
  A gargoyle (D:11)
  2 centaur skeletons
  A kobold demonologist (D:11)
  2 trolls
  A queen bee (D:12)
  Prince Ribbit (D:9)
  3 hippogriffs
  7 yaks
  4 wyverns
  A shadow (D:9)
  2 steam dragons (D:8)
  A hungry ghost (D:8)
  Duvessa (D:4)
  3 water moccasins
  6 orc warriors
  3 sky beasts
  6 ice beasts
  4 slaves (D:8)
  A black bear (D:7)
  A necrophage (D:10)
  A phantom (D:8)
  3 centaurs
  6 ogres
  A big kobold (D:6)
  4 bullfrogs
  Dowan (D:4)
  2 wyvern skeletons
  3 scorpions
  15 killer bees
  8 wights
  A vampire bat (D:5)
  4 howler monkeys
  6 crimson imps
  2 bullfrog zombies (D:11)
  A centaur zombie (D:12)
  3 orc priests
  A quasit (D:10)
  5 hounds
  3 jellies
  11 orc wizards
  A bullfrog skeleton (D:12)
  Ijyb (D:4)
  2 iguanas
  15 worker ants
  A hound zombie (D:7)
  3 hound skeletons
  8 mummies (Ossuary)
  A howler monkey zombie (D:6)
  2 worker ant zombies
  7 gnolls
  4 adders
  2 shadow imps
  An ooze (D:2)
  An adder skeleton (D:5)
  An adder zombie (D:5)
  4 worms
  2 dart slugs
  3 fire bats (D:5)
  2 leopard geckos
  24 orcs
  2 spectral bats (D:5)
  A ball python (D:5)
  3 bat skeletons (D:5)
  A bat zombie (D:5)
  6 giant cockroaches
  2 gnoll zombies (Ossuary)
  11 goblins
  8 hobgoblins
  4 jackals (D:1)
  4 quokkas
  17 bats
  A bat simulacrum (D:5)
  7 frilled lizards
  2 hobgoblin zombies (Ossuary)
  10 kobolds
  A kobold zombie (Ossuary)
  A leopard gecko zombie (D:6)
  3 orc zombies (Ossuary)
  9 rats
313 creatures vanquished.

Vanquished Creatures (collateral kills)
  A hydra (D:11)
  An acid dragon (D:11)
  A centaur (D:11)
  A bullfrog (D:11)
  A worker ant (D:11)
  2 shadow imps (D:11)
  3 jackals (D:11)
10 creatures vanquished.

Grand Total: 323 creatures vanquished

Notes
Turn   | Place    | Note
-------+----------+-------------------------------------------
     0 | D:1      | Reeggar the Deep Dwarf Berserker began the quest for the
                  | Orb.
     0 | D:1      | Reached XP level 1. HP: 20/20 MP: 1/1
   180 | D:1      | Reached XP level 2. HP: 22/27 MP: 2/2
   623 | D:1      | Reached ** piety under Trog
   635 | D:1      | Reached XP level 3. HP: 13/34 MP: 3/3
  1325 | D:2      | Reached skill level 1 in Stealth
  1642 | D:2      | Reached XP level 4. HP: 35/42 MP: 4/4
  2345 | D:3      | Reached skill level 4 in Long Blades
  2972 | D:4      | Noticed Duvessa
  2972 | D:4      | Noticed Dowan
  2995 | D:4      | Killed Duvessa
  2995 | D:4      | Reached skill level 1 in Shields
  2995 | D:4      | Reached XP level 5. HP: 49/49 MP: 5/5
  2996 | D:4      | Killed Dowan
  3050 | D:4      | Noticed Ijyb
  3051 | D:4      | Paralysed by Ijyb for 6 turns
  3058 | D:4      | Paralysed by Ijyb for 2 turns
  3064 | D:4      | Paralysed by Ijyb for 5 turns
  3081 | D:4      | Paralysed by Ijyb for 3 turns
  3087 | D:4      | Paralysed by Ijyb for 2 turns
  3095 | D:4      | Paralysed by Ijyb for 6 turns
  3107 | D:4      | Killed Ijyb
  3107 | D:4      | Reached XP level 6. HP: 46/56 MP: 6/6
  3859 | D:5      | Entered Level 5 of the Dungeon
  3987 | D:5      | Noticed an ice beast
  4003 | D:5      | Killed an ice beast
  4003 | D:5      | Reached skill level 5 in Long Blades
  4181 | D:5      | Reached *** piety under Trog
  4181 | D:5      | Reached XP level 7. HP: 47/62 MP: 6/6
  4440 | D:5      | Found a sparkling altar of Nemelex Xobeh.
  4690 | D:5      | Reached skill level 6 in Long Blades
  5114 | D:6      | Found Tuptoapo's General Store.
  5194 | D:6      | Bought a scroll of identify for 24 gold pieces
  5220 | D:6      | Found a staircase to the Ecumenical Temple.
  5278 | D:6      | Reached XP level 8. HP: 46/72 MP: 7/7
  5288 | D:6      | Reached **** piety under Trog
  5390 | D:6      | Reached skill level 5 in Armour
  5460 | D:6      | Reached skill level 7 in Long Blades
  5566 | D:6      | Found a radiant altar of Vehumet.
  5566 | D:6      | Found a burning altar of Makhleb.
  5842 | D:7      | Gained mutation: You passively map the area around you.
                  | [Deep Dwarf growth]
  5842 | D:7      | Reached XP level 9. HP: 35/79 MP: 6/6
  5935 | D:7      | Reached skill level 5 in Dodging
  6022 | D:7      | Reached skill level 5 in Shields
  6289 | D:7      | You fall through a shaft for 2 floors!
  6330 | D:9      | Noticed Prince Ribbit
  6418 | D:9      | Reached skill level 8 in Long Blades
  6536 | D:9      | Reached skill level 5 in Fighting
  6616 | D:8      | Found a sand-covered staircase.
  6626 | Ossuary  | Entered an ossuary
  6939 | D:8      | Reached skill level 9 in Long Blades
  7146 | D:8      | Reached XP level 10. HP: 56/88 MP: 6/6
  7179 | D:8      | Found Xiocvaot's Gadget Shoppe.
  7548 | D:8      | Noticed Joseph
  7581 | D:8      | Killed Joseph
  7748 | D:8      | HP: 3/91 [steam dragon] (3)]
  8519 | D:9      | Killed Prince Ribbit
  8718 | D:9      | Received a gift from Trog
  8808 | D:9      | Found a shattered altar of Ashenzari.
  8808 | D:9      | Found a blossoming altar of Fedhas.
  8808 | D:9      | Found a white marble altar of Elyvilon.
  8884 | D:10     | Entered Level 10 of the Dungeon
  8884 | D:10     | Found a staircase to the Orcish Mines.
  8987 | D:10     | Killed an unseen horror
  8987 | D:10     | Reached skill level 10 in Long Blades
  9073 | D:10     | Found a staircase to the Lair.
  9826 | D:11     | Reached XP level 11. HP: 54/99 MP: 4/4
  9967 | D:11     | Reached skill level 10 in Armour
  9974 | D:11     | Noticed a seven-headed hydra
  9979 | D:11     | Killed a seven-headed hydra
 10943 | D:12     | Noticed Nergalle
 10964 | D:12     | Killed Nergalle
 10964 | D:12     | Reached skill level 11 in Long Blades
 11245 | D:12     | Noticed a four-headed hydra
 11273 | D:12     | HP: 3/100 [20-headed hydra (4)]
 11274 | D:12     | HP: 1/100 [20-headed hydra (2)]
 11274 | D:12     | Slain by a 20-headed hydra

Skill      XL: |  1  2  3  4  5  6  7  8  9 10 11 |
---------------+----------------------------------+-----
Fighting       | 3 4 5 6 7 |  7.1
Stealth        | 1 2 |  2.2
Long Blades    | 4 5 6 7 9 10 11 | 11.1
Armour         | 3 4 6 7 9 10 | 10.9
Shields        | 1 2 3 4 5 7 |  7.9
Dodging        | 3 4 6 |  6.5

Action                   |  1- 3 |  4- 6 |  7- 9 | 10-12 || total
-------------------------+-------+-------+-------+-------++-------
Melee: Falchion          |   132 |   207 |   210 |       ||   549
       Long sword        |       |       |   288 |   658 ||   946
Throw: Throwing net      |       |     1 |       |       ||     1
Invok: Trog's Hand       |     5 |       |     8 |    11 ||    24
       Berserk           |       |     1 |     5 |     8 ||    14
       Brothers in Arms  |       |       |       |     1 ||     1
 Abil: Heal Wounds       |       |     3 |    11 |    10 ||    24
  Use: Scroll            |     4 |    10 |     6 |     7 ||    27
       Potion            |       |       |     2 |     3 ||     5
  Eat: Chunk             |     4 |     9 |    16 |    19 ||    48
       Ration            |       |       |     1 |     3 ||     4
Armor: Animal skin       |    18 |       |       |       ||    18
       Ring mail         |    11 |    55 |   235 |    15 ||   316
       Leather armour    |    11 |       |       |       ||    11
       Plate armour      |       |       |       |   342 ||   342
Dodge: Dodged            |   125 |   103 |   449 |   346 ||  1023
Block: Buckler           |    10 |    50 |   235 |   260 ||   555
       Rpst.: Falchion   |    41 |    37 |    54 |       ||   132
       Long sword        |       |       |    85 |    90 ||   175
